 Dungeon Crawl Stone Soup version 0.29-a0-551-gffc1d7fb78 (webtiles) character file.

Game seed: 6641531140047634854

1 shadowstone the Firebug (level 1, -1/19 HPs)
             Began as a Meteoran Cinder Acolyte on June 5, 2022.
             Was a High Priest of Ignis.
             Slain by a kobold
             ... wielding a +0 whip
              (5 damage)
             ... on level 1 of the Dungeon.
             The game lasted 00:00:10 (33 turns).

shadowstone the Firebug (Meteoran Cinder Acolyte)     Turns: 33, Time: 00:00:11

Health: -1/19      AC:  2    Str: 15    XL:     1   Next: 28%
Magic:  3/3        EV: 11    Int: 15    God:    Ignis [*****.]
Gold:   0          SH:  0    Dex:  9    Spells: 2/2 levels left

rFire   + . .      SeeInvis .   a - -1 short sword (flame)
rCold   . . .      Faith    .   (no shield)
rNeg    . . .      Spirit   .   b - +0 robe
rPois   .          Reflect  .   (no helmet)
rElec   .          Harm     .   (no cloak)
rCorr   .          Rampage  .   (no gloves)
Will    .....                   (no boots)
Stlth   +.........              (no amulet)
HPRegen 0.06/turn               (no ring)
MPRegen 0.08/turn               (no ring)

@: glowing
A: sense surroundings 1, otherworldly, glowing, explore regen
a: Renounce Religion, Fiery Armour, Foxfire Swarm, Rising Flame


You were on level 1 of the Dungeon.
You worshipped Ignis.
Ignis was extremely pleased with you.
You visited 1 branch of the dungeon, and saw 1 of its levels.

Inventory:

Hand Weapons
 a - a -1 short sword of flaming (weapon)
Armour
 b - a +0 robe (worn)


   Skills:
 + Level 3.4 Fighting
 + Level 3.2 Short Blades
 + Level 1.3 Spellcasting
 + Level 3.6 Fire Magic


You had 2 spell levels left.
You didn't know any spells.
Your spell library contained the following spells:

 Spells                   Type           Power      Damage    Failure   Level
 Scorch                   Fire           22%        2d6       9%          2


Dungeon Overview and Level Annotations

Branches:
Dungeon (1/15)

Altars:


Innate Abilities, Weirdness & Mutations

You passively map a small area around you.
You are easily found by Zot.
You glow in the dark.
You regain HP and MP as you explore.


Message History

A kobold comes into view. It is wielding a +0 whip.
The kobold shouts!
The teleport trap disappears.
The kobold disappears!
The kobold moves out of view.
A kobold comes into view. It is wielding a +0 dagger.
There is an open door here.
The kobold shouts!
The kobold throws a stone.
The stone completely misses you.
A dart slug comes into view.
You hit the kobold but do no damage. The kobold closely misses you.
You hit the kobold. You burn the kobold.
The kobold is heavily wounded.
The kobold hits you but does no damage. The kobold hits you with a +0 dagger.
You hit the kobold but do no damage.
The kobold is heavily wounded.
The kobold hits you with a +0 whip. The kobold closely misses you.
You completely miss the kobold.
The kobold is heavily wounded.
You barely miss the kobold.
The kobold is heavily wounded.
The kobold closely misses you. The kobold hits you with a +0 dagger.
The dart slug briefly extends its eye-stalks.
You barely miss the kobold.
The kobold is heavily wounded.
The kobold completely misses you. The kobold hits you with a +0 dagger.
You hit the kobold but do no damage.
The kobold is heavily wounded.
An endoplasm comes into view.
The kobold hits you but does no damage. The kobold hits you with a +0 whip.
You hit the kobold. You burn the kobold.
You kill the kobold!
The kobold hits you with a +0 whip. The kobold hits you but does no damage.
Things that are here:
a +0 dagger; 5 stones The kobold hits you with a +0 whip.
The kobold attacks as you move away! The kobold hits you with a +0 whip.
* * * LOW HITPOINT WARNING * * *
The kobold attacks as you move away! The kobold hits you with a +0 whip.
You die...

* * *, * , ..
.# , * .# .# ,
*.#.. * * ##.#.
, , #... **
#,*#..# *, #.
#..# , , * ##.
#@.# ###...#K.#
* ......#w.# *
* .......).# **
.######.## , ,,
, #..## ,,
#...# *
#######'#######
,
#.(...........#


You could see a dart slug and a kobold.

Vanquished Creatures
  A kobold (D:1)
1 creature vanquished.

Notes
Turn   | Place    | Note
-------+----------+-------------------------------------------
     0 | D:1      | shadowstone the Meteoran Cinder Acolyte began the quest for
                  | the Orb.
     0 | D:1      | Reached XP level 1. HP: 19/19 MP: 3/3
    33 | D:1      | Slain by a kobold

Illustrated notes

Levels and vault maps discovered:
D:1:      amcnicky_arrival_flooded_fountain, layout_loops_ring,
          bh_walls_and_bars

Action                   || total
-------------------------++-------
Melee: Short sword       ||     8
Armor: Robe              ||     3
Dodge: Dodged            ||     5

Table legend: (Time is in decaauts)
 A = Elapsed time spent in this place.
 B = Non-inter-level travel time spent in this place.
 C = Inter-level travel time spent in this place.
 D = Time resting spent in this place.
 E = Time spent auto-exploring this place.
 F = Levels seen in this place.
 G = Mean time per level.
                   A        B        C        D        E       F      G
               +--------+--------+--------+--------+--------+-----+--------+
         Total |     32 |     32 |      0 |      0 |      0 |   1 |   32.0 |
       Dungeon |     32 |     32 |      0 |      0 |      0 |   1 |   32.0 |
               +--------+--------+--------+--------+--------+-----+--------+

Top non-repeatable levels by time:
     D:1: 32 daAuts
